 Dungeon Crawl Stone Soup version 0.31-a0-7-g51783674b7 (webtiles) character file.

Game seed: 6140065452304509838

207 dialectric the Covered (level 5, 0/32 HPs)
             Began as a Gargoyle Wanderer on May 6, 2023.
             Slain by a hobgoblin (3 damage)
             ... on level 3 of the Dungeon.
             The game lasted 00:03:51 (2707 turns).

dialectric the Covered (Gargoyle Wanderer)          Turns: 2707, Time: 00:03:52

Health: 0/32       AC: 15    Str: 17    XL:     5   Next: 85%
Magic:  5/5        EV:  9    Int: 11    God:
Gold:   98         SH:  0    Dex: 11    Spells: 4/4 levels left

rFire   . . .        c - +1 short sword (venom)
rCold   . . .        (no shield)
rNeg    + . .        q - +0 scale mail
rPois   ∞            o - +0 helmet
rElec   +            (no cloak)
rCorr   .            (no gloves)
SInv    +            s - +2 pair of boots {Fly}
Will    .....        (no amulet) Stlth
                     r - ring of see invisible
HPRegen 0.25/turn    (no ring)
MPRegen 0.09/turn

%: no passive effects
@: flying
A: sickness immunity, AC +4, negative energy resistance 1, electricity
resistance, torment resistance 1, petrification resistance
a: no special abilities


You were on level 3 of the Dungeon.
You visited 1 branch of the dungeon, and saw 3 of its levels.

You collected 98 gold pieces.

Inventory:

Hand Weapons
 a - a +0 short sword
 c - a +1 short sword of venom (weapon)
 i - a +0 flail
Missiles
 u - 3 poisoned darts
Armour
 b - a +2 buckler
 e - a +0 leather armour
 o - a +0 helmet (worn)
 q - a +0 scale mail (worn)
 s - a +2 pair of boots of flying (worn)
Jewellery
 r - a ring of see invisible (left hand)
Scrolls
 d - 2 scrolls of fog
 h - a scroll of blinking {unknown}
 j - a scroll of fear {unknown}
 k - a scroll of vulnerability {unknown}
 l - 2 scrolls of identify {unknown}
 m - a scroll of silence {unknown}
 p - a scroll of acquirement {unknown}
Potions
 f - 2 potions of mutation {unknown}
 g - 2 potions of attraction {unknown}
 n - a potion of flight {unknown}
 t - a potion of brilliance {unknown}
 v - a potion of curing {unknown}
 w - a potion of heal wounds {unknown}


   Skills:
 * Level 3.1 Fighting
 + Level 1.8 Short Blades
 - Level 2.1 Maces & Flails
 - Level 1.0 Throwing
 * Level 3.3 Armour
 - Level 1.0 Dodging
 - Level 1.0 Stealth
 - Level 3.2 Shields
 - Level 2.2 Evocations


You had 4 spell levels left.
You didn't know any spells.
Your spell library contained the following spells:

 Spells                   Type           Power      Damage    Failure   Level
 Necrotise                Necr           0%         1d4       75%         1
 Ensorcelled Hibernation  Hex/Ice        0%         N/A       87%         2
 Passwall                 Tmut/Erth      0%         N/A       87%         2
 Swiftness                Air            0%         N/A       98%         3
 Vampiric Draining        Necr           0%         2d6       98%         3
 Agony                    Necr           0%         N/A       100%        5


Dungeon Overview and Level Annotations

Branches:
Dungeon (3/15)

Altars:
Cheibriados


Innate Abilities, Weirdness & Mutations

You are immune to sickness and miasma.
Your stone body is resilient. (AC +4)
You are immune to poison.
You resist negative energy. (rN+)
You are resistant to electric shocks. (rElec)
You are resistant to unholy torment.
You are immune to petrification.


Message History

The orc attacks as you move away! The orc barely misses you.
The hobgoblin attacks as you move away!
The hobgoblin hits you but does no damage.
You hit the orc.
The orc is severely wounded.
The hobgoblin closely misses you. The orc barely misses you.
The orc hits you but does no damage.
You hit the orc.
The orc is almost dead.
The hobgoblin barely misses you. The orc barely misses you.
The orc hits you but does no damage. The orc barely misses you.
The orc closely misses you.
You barely miss the orc.
The orc is almost dead.
The hobgoblin hits you but does no damage.
The orc closely misses you. x3; The orc hits you with a +0 dagger.
You closely miss the orc.
Unknown command.
The orc attacks as you move away! The orc barely misses you.
The hobgoblin attacks as you move away!
The hobgoblin hits you but does no damage.
The orc hits you but does no damage.
You hit the orc.
You kill the orc!
The hobgoblin hits you but does no damage.
The orc hits you with a +0 hand axe.
* * * LOW HITPOINT WARNING * * *
Unknown command.
You hit the orc.
The orc is poisoned.
The orc is heavily wounded.
You kill the orc!
The hobgoblin hits you but does no damage. x2
The orc hits you but does no damage.
Unknown command.
You hit the orc.
The orc is poisoned.
The orc is lightly wounded.
The hobgoblin hits you.
* * * LOW HITPOINT WARNING * * *
The orc closely misses you. The hobgoblin hits you.
You die...

...#.....####.# #.#
...'.>...# #.# #.#
...#.....# #.# #.#
...#.....# #.# #.#
...##'######### #.#
...####.......## #.#
#### .........## #.#
### .........o## #.#
..# .........g@## #.#
.## .........go.##
#.# ##
....≈.)......######.#
#
..............#.....#
#
..............#######
# ..............# #
≈...≈...≈.....# #
................# #
.................#


You could see 2 orcs and 2 hobgoblins.

Vanquished Creatures
  An orc priest (D:3)
  An iron imp (D:3)
  Robin (D:1)
  A gnoll (D:1)
  4 adders
  A worm (D:3)
  3 dart slugs
  9 orcs (D:3)
  6 endoplasms
  4 giant cockroaches
  15 goblins
  3 hobgoblins
  2 jackals (D:1)
  4 kobolds
  A quokka (D:3)
  3 ball pythons
  8 bats
  3 frilled lizards
  2 rats (D:1)
72 creatures vanquished.

Notes
Turn   | Place    | Note
-------+----------+-------------------------------------------
     0 | D:1      | dialectric the Gargoyle Wanderer began the quest for the
                  | Orb.
     0 | D:1      | dialectric set off with the following items: a +0 short
                  | sword, a +2 buckler, a wand of flame (4), a scroll of fog,
                  | a +0 leather armour.
     0 | D:1      | Reached XP level 1. HP: 12/12 MP: 1/1
   222 | D:1      | Reached XP level 2. HP: 12/16 MP: 2/2
   339 | D:1      | Found a faded altar of an unknown god.
   499 | D:1      | Reached XP level 3. HP: 20/20 MP: 3/3
  1194 | D:2      | Reached skill level 1 in Maces & Flails
  1286 | D:2      | Noticed Robin
  1292 | D:2      | Reached XP level 4. HP: 17/26 MP: 4/4
  1301 | D:1      | Killed Robin
  2145 | D:3      | Reached XP level 5. HP: 26/31 MP: 5/5
  2371 | D:3      | Reached skill level 1 in Stealth
  2626 | D:3      | Found a snail-covered altar of Cheibriados.
  2707 | D:3      | Slain by a hobgoblin

Illustrated notes

Levels and vault maps discovered:
D:1:      elethiomel_arrival_infinity_welcomes_careful_drivers,
          layout_loops_corners, basic_ecumenical_altar, minmay_misc_feat_iff,
          minmay_pentomino_s2
D:2:      layout_basic, minmay_cupped, uniq_robin
D:3:      layout_basic, minitemple, chei_slow_surprise, corexii_shack,
          kennysheep_cluttered_room

Skill      XL: |  1  2  3  4  5 |
---------------+----------------+-----
Evocations     | 2 |  2.2
Armour         | 2 3 |  3.3
Maces & Flails | 1 2 |  2.1
Fighting       | 2 3 |  3.1
Stealth        | 1 |  1.0
Short Blades   | |  1.8
Throwing       | |  1.0
Dodging        | |  1.0
Shields        | |  3.2

Action                     |  1- 3 |  4- 6 || total
---------------------------+-------+-------++-------
  Melee: Short sword       |    44 |   142 ||   186
         Flail             |    80 |     4 ||    84
         Punch             |     1 |     1 ||     2
  Evoke: Wand              |     3 |     1 ||     4
   Stab: Sleeping          |     2 |       ||     2
 Armour: Leather armour    |    71 |    15 ||    86
         Scale mail        |       |    87 ||    87
  Dodge: Dodged            |    85 |    87 ||   172

Table legend: (Time is in decaauts)
 A = Elapsed time spent in this place.
 B = Non-inter-level travel time spent in this place.
 C = Inter-level travel time spent in this place.
 D = Time resting spent in this place.
 E = Time spent auto-exploring this place.
 F = Levels seen in this place.
 G = Mean time per level.
                   A        B        C        D        E       F      G
               +--------+--------+--------+--------+--------+-----+--------+
         Total |   2724 |   2686 |     38 |    105 |   1951 |   3 |  908.0 |
       Dungeon |   2724 |   2686 |     38 |    105 |   1951 |   3 |  908.0 |
               +--------+--------+--------+--------+--------+-----+--------+

Top non-repeatable levels by time:
     D:1: 1210 daAuts
     D:2: 923 daAuts
     D:3: 590 daAuts
